 Dungeon Crawl Stone Soup version 0.29-a0-8-g0446c0dae4 (webtiles) character file.

Game seed: 5392449187059063481

15046 issech the Basher (level 11, 0/111 HPs)
             Began as a Troll Monk on Jan 27, 2022.
             Was an Elder of Makhleb.
             Slain by an eight-headed hydra simulacrum (36 damage)
             ... on level 1 of the Lair of Beasts.
             The game lasted 01:04:32 (14201 turns).

issech the Basher (Troll Monk)                     Turns: 14201, Time: 01:04:32

Health: 0/111      AC: 15    Str: 19    XL:     11   Next: 96%
Magic:  10/10      EV: 15    Int:  4    God:    Makhleb [****..]
Gold:   798        SH:  0    Dex: 24    Spells: 10/10 levels left

rFire   + + +      SeeInvis .   O - +5 flail of Disembowelment {protect, Will+}
rCold   . . .      Faith    .   (no shield)
rNeg    . . .      Spirit   .   b - +0 robe
rPois   +          Reflect  .   (helmet restricted)
rElec   .          Harm     .   (no cloak)
rCorr   .          Rampage  .   (gloves unavailable)
Will    +....                   (boots unavailable)
Stlth   +++.......              (no amulet)
HPRegen 1.08/turn               H - +4 ring of protection
MPRegen 0.12/turn               l - ring "Zopakank" {rPois rF+++ Str-2 Int-2 Dex+8}

@: under a protective aura
A: large, unfitting armour, claws 3, regeneration 1, shaggy fur 1, tough skin 1
a: Renounce Religion, Minor Destruction, Lesser Servant of Makhleb, Major
Destruction


You were on level 1 of the Lair of Beasts.
You worshipped Makhleb.
Makhleb was greatly pleased with you.
You visited 3 branches of the dungeon, and saw 14 of its levels.

You collected 798 gold pieces.

Inventory:

Hand Weapons
 a - the +8 spear of Dissent {freeze, rElec Dex+3}
   (You took it off a spriggan on level 11 of the Dungeon)

   It freezes those it strikes, dealing additional cold damage.
   It can also slow down cold-blooded creatures.
   Dex:       It affects your dexterity (+3).
   rElec:     It insulates you from electricity.
 x - a +0 vorpal longbow
 C - a +1 flail of draining
 D - a +2 dire flail of protection
 L - a -2 dagger of freezing
 N - the +5 hand axe "Vagellaf" {venom, rF+ Int+5}
   (You found it on level 8 of the Dungeon)

   It poisons the flesh of those it strikes.
   Int:       It affects your intelligence (+5).
   rF:        It protects you from fire.
 O - the +5 flail of Disembowelment (weapon) {protect, Will+}
   (You found it on level 8 of the Dungeon)

   It grants its wielder temporary protection when it strikes (+7 to AC).
   Will:      It increases your willpower.
 U - the +9 hunting sling of the Dancing Salmon {vorpal, *Slow rC+++ Str+2 Stlth+}
   (You found it on level 9 of the Dungeon)

   Any ammunition fired from it inflicts extra damage upon your enemies.
   Str:       It affects your strength (+2).
   rC:        It renders you almost immune to cold.
   *Slow:     It may slow you when you take damage.
   Stlth:     It makes you more stealthy.
Missiles
 c - 484 stones (quivered)
 f - 86 sling bullets
 g - 3 throwing nets
 i - 2 large rocks
 o - 12 javelins
 v - 20 bolts
 w - 25 poisoned darts
 z - 14 boomerangs
 A - 184 arrows
 Z - 9 silver javelins
Armour
 b - a +0 robe (worn)
 X - a +0 animal skin
Magical Staves
 q - a staff of cold
 K - a staff of air
 R - a staff of poison
 T - a staff of death
Jewellery
 d - a ring of resist corrosion
 l - the ring "Zopakank" (right claw) {rPois rF+++ Str-2 Int-2 Dex+8}
   (You found it on level 6 of the Dungeon)

   [ring of poison resistance]

   Str:       It affects your strength (-2).
   Int:       It affects your intelligence (-2).
   Dex:       It affects your dexterity (+8).
   rF:        It renders you almost immune to fire.
   rPois:     It protects you from poison.
 r - a ring of wizardry
 H - a +4 ring of protection (left claw)
 V - a ring of willpower
Wands
 t - a wand of polymorph (20)
 I - a wand of mindburst (10)
 Q - a wand of iceblast (27)
 W - a wand of acid (2)
 Y - a wand of digging (7)
Scrolls
 e - a scroll of fear
 h - a scroll of torment
 k - a scroll of vulnerability
 n - 2 scrolls of amnesia
 p - 2 scrolls of magic mapping
 y - 5 scrolls of teleportation
 M - 4 scrolls of blinking
Potions
 j - 2 potions of berserk rage
 m - 3 potions of brilliance
 s - a potion of cancellation
 u - 2 potions of ambrosia
 B - a potion of degeneration
 E - 2 potions of haste
 F - 3 potions of heal wounds
 G - 2 potions of lignification
 J - a potion of attraction
 P - 2 potions of flight
 S - a potion of curing {unknown}


   Skills:
 + Level 8.2 Fighting
 + Level 13.0 Maces & Flails
 + Level 1.0(1.1) Slings
 + Level 1.4 Bows
 + Level 0.5(1.1) Throwing
 + Level 7.6 Dodging
 + Level 3.1 Stealth
 + Level 0.5 Unarmed Combat


You had 10 spell levels left.
You didn't know any spells.
Your spell library contained the following spells:

 Spells                   Type           Power      Damage    Failure   Level
 Animate Skeleton         Necr           0%         N/A       50%         1
 Pain                     Necr           0%         1d4       50%         1
 Frozen Ramparts          Ice            0%         1d2       86%         3
 Ozocubu's Armour         Ice            0%         N/A       86%         3
 Vampiric Draining        Necr           0%         2d6       86%         3
 Ice Form                 Ice/Tmut       0%         N/A       99%         4
 Summon Ice Beast         Ice/Summ       0%         N/A       99%         4
 Ozocubu's Refrigeration  Ice            0%         4d5       100%        7


Dungeon Overview and Level Annotations

Branches:
Dungeon (11/15)            Temple (1/1) D:7            Lair (2/6) D:11
  Swamp: Lair:2-4    Shoals: Lair:2-4     Snake: Lair:2-4    Spider: Lair:2-4
    Orc: D:9-12

Altars:
Ashenzari
Cheibriados
Dithmenos
Elyvilon
Fedhas
Gozag
Hepliaklqana
Kikubaaqudgha
Makhleb
Nemelex Xobeh
Okawaru
Qazlal
Ru
Sif Muna
Trog
Uskayaw
Vehumet
Wu Jian
Xom
Yredelemnul
Zin
The Shining One

Shops:
D:6 *   D:7 *

Portals:
Abyss: D:4

Annotations:
D:4 hgbash's ghost, amateur DECj
D:11 murtidash's ghost, journeyman FoAK
Lair:1 Bunwiu's ghost, journeyman KoBe


Innate Abilities, Weirdness & Mutations

You are too large for most types of armour.
You have claws for hands.
Your natural rate of healing is unusually fast.
You are covered in fur. (AC +1)
You have tough skin. (AC +1)


Message History

There is an open door here.
You open the gate.
Bunwiu's ghost says, "You sneer at my short blade, I will sneer at your cold corpse."
There is a stone staircase leading down, spattered with blood here.
The black mamba simulacrum barely misses you.
The black mamba simulacrum bites you. The black mamba simulacrum freezes you!
The black mamba simulacrum bites you but does no damage.
You hit the black mamba simulacrum.
Your weapon exudes an aura of protection.
You claw the black mamba simulacrum!
The black mamba simulacrum is heavily damaged.
The black mamba simulacrum misses you.
The spectral cane toad hits the fungus.
The fungus begins to die.
The black mamba simulacrum misses you.
There is an open door here.
You barely miss the black mamba simulacrum.
The black mamba simulacrum is heavily damaged.
The spectral cane toad hits the fungus!
The spectral cane toad drains the fungus.
The black mamba simulacrum closely misses you.
You sock the black mamba simulacrum!
The black mamba simulacrum vaporises!
Makhleb accepts your kill.
Unknown command.
The death yak simulacrum gores the fungus!
The death yak simulacrum freezes the fungus!!
You sock the eight-headed hydra simulacrum!
You claw the eight-headed hydra simulacrum!
The eight-headed hydra simulacrum is moderately damaged.
You hit the eight-headed hydra simulacrum.
The eight-headed hydra simulacrum is heavily damaged.
A nearby fungus withers and dies.
The eight-headed hydra simulacrum misses you.
The eight-headed hydra simulacrum bites you!
The eight-headed hydra simulacrum freezes you!!!
The eight-headed hydra simulacrum bites you.
The eight-headed hydra simulacrum freezes you!
The eight-headed hydra simulacrum bites you.
The eight-headed hydra simulacrum freezes you!!!
You die...

#.....ZZ..###'''###
##.>Z....##ZWZ....#
#..P#######.Z...##
#...# #.......#
##Z.## ##.)![.##
#..## #..#.#..#
##Z# ######### #Z#
### # ##@#####.##
##### #<........#
###....
#.......^.###......
#.........'...#....
#..........##.#....
#.........#####....
#####..#### #####
#### #


You could see a spectral five-headed hydra, a spectral cane toad, an
eight-headed hydra simulacrum and a death yak simulacrum.

Vanquished Creatures
  The ghost of camel the Cleaver, a novice MiBe of Trog (D:10)
  2 two-headed ogres
  A cyclops (D:11)
  A cane toad (Lair:1)
  A komodo dragon (Lair:2)
  2 hornets (D:8)
  8 blink frogs
  2 shadows
  2 wyverns
  A vampire (D:10)
  24 yaks
  Grum (D:10)
  Eustachio (D:6)
  2 spriggans (D:11)
  A fire elemental (Lair:2)
  Edmund (D:5)
  2 wargs
  An acid dragon (D:10)
  6 water moccasins
  5 orc warriors
  2 sky beasts
  3 black bears
  A necrophage (D:4)
  2 wolves (D:10)
  A black mamba simulacrum (Lair:1)
  7 centaurs
  2 phantoms (D:6)
  2 kobold brigands
  7 bullfrogs
  A scorpion (D:6)
  A water moccasin zombie (D:6)
  6 killer bees (D:8)
  A howler monkey (D:9)
  3 electric eels (D:10)
  A bullfrog zombie (D:5)
  3 centaur zombies
  3 hounds (D:6)
  A lava snake (D:8)
  3 jellies
  7 orc priests
  An iguana (D:6)
  A gnoll shaman (D:8)
  7 orc wizards
  A small abomination (D:4)
  2 hound skeletons
  2 howler monkey zombies
  4 gnolls (D:8)
  A howler monkey skeleton (D:6)
  10 adders
  2 shadow imps
  An ufetubus (D:7)
  An adder skeleton (D:5)
  2 worms
  A dart slug (D:3)
  24 orcs
  5 ball pythons
  A bat (D:3)
  10 endoplasms
  6 giant cockroaches
  5 goblins
  10 hobgoblins
  6 jackals
  12 kobolds
  4 quokkas
  4 frilled lizards
  4 rats
249 creatures vanquished.

Vanquished Creatures (others)
  2 orc priests
  15 fungi
  16 plants
33 creatures vanquished.

Grand Total: 282 creatures vanquished

Notes
Turn   | Place    | Note
-------+----------+-------------------------------------------
     0 | D:1      | issech the Troll Monk began the quest for the Orb.
     0 | D:1      | Reached XP level 1. HP: 22/22 MP: 0/0
   115 | D:1      | Reached skill level 3 in Maces & Flails
   141 | D:1      | Reached XP level 2. HP: 29/29 MP: 1/1
   853 | D:1      | Reached XP level 3. HP: 36/36 MP: 2/2
  1277 | D:2      | Reached XP level 4. HP: 44/44 MP: 3/3
  1334 | D:2      | Found a shimmering altar of Xom.
  1587 | D:2      | Found a faded altar of an unknown god.
  1891 | D:3      | Found a sacrificial altar of Ru.
  2899 | D:4      | Found a transporter.
  2937 | D:4      | Reached XP level 5. HP: 53/53 MP: 4/4
  3023 | D:4      | Found a sparkling altar of Nemelex Xobeh.
  3147 | D:4      | Noticed a necrophage
  3161 | D:4      | Killed a necrophage
  3162 | D:4      | Reached skill level 4 in Maces & Flails
  3307 | D:4      | Found a one-way gate to the infinite horrors of the Abyss.
  3316 | D:4      | Found a transporter.
  3323 | D:4      | Noticed hgbash's ghost (amateur DECj)
  3349 | D:4      | Noticed a toenail golem
  3583 | D:5      | Entered Level 5 of the Dungeon
  3594 | D:5      | Reached XP level 6. HP: 60/61 MP: 5/5
  4089 | D:5      | Reached skill level 5 in Maces & Flails
  4380 | D:5      | Reached XP level 7. HP: 43/67 MP: 6/6
  5098 | D:6      | Reached skill level 6 in Maces & Flails
  5179 | D:6      | Reached XP level 8. HP: 61/78 MP: 7/7
  5185 | D:6      | Identified the ring "Zopakank" {rPois rF+++ Str-2 Int-2
                  | Dex+8}
  5373 | D:6      | Noticed Edmund
  5428 | D:6      | Found Lalymisuba's Serpentskin Sales.
  5742 | D:5      | Killed Edmund
  5743 | D:5      | Reached skill level 5 in Dodging
  6059 | D:6      | Noticed Eustachio
  6105 | D:6      | Killed Eustachio
  6106 | D:6      | Reached skill level 5 in Fighting
  6106 | D:6      | Reached skill level 7 in Maces & Flails
  6106 | D:6      | Reached skill level 1 in Bows
  6587 | D:7      | Found Basch's Fire Supplies.
  6748 | D:7      | Reached XP level 9. HP: 74/88 MP: 8/8
  6903 | D:7      | Found a staircase to the Ecumenical Temple.
  6908 | Temple   | Entered the Ecumenical Temple
  7461 | Temple   | Became a worshipper of Makhleb the Destroyer
  7461 | Temple   | Reached * piety under Makhleb
  7461 | Temple   | Reached ** piety under Makhleb
  7738 | D:8      | Identified the +5 hand axe "Vagellaf" {venom, rF+ Int+5}
  7762 | D:8      | Identified the +5 flail of Disembowelment {protect, Will+}
  7797 | D:8      | Reached skill level 8 in Maces & Flails
  8205 | D:8      | Reached skill level 9 in Maces & Flails
  8333 | D:8      | Reached XP level 10. HP: 90/98 MP: 9/9
  8356 | D:8      | Reached skill level 10 in Maces & Flails
  8534 | D:8      | Found a hazy altar of Hepliaklqana.
  8535 | D:8      | Found a glowing silver altar of Zin.
  8537 | D:8      | Found an opulent altar of Gozag.
  8537 | D:8      | Found a shimmering altar of Xom.
  8764 | D:9      | Reached *** piety under Makhleb
  8969 | D:9      | Noticed a two-headed ogre
  8990 | D:9      | Killed a two-headed ogre
  9142 | D:9      | Reached skill level 11 in Maces & Flails
  9405 | D:9      | Found a hide-covered altar of Uskayaw.
  9508 | D:9      | Identified the +9 hunting sling of the Dancing Salmon
                  | {vorpal, *Slow rC+++ Str+2 Stlth+}
  9627 | D:10     | Entered Level 10 of the Dungeon
  9660 | D:10     | Found a runed translucent door.
  9680 | D:10     | Noticed camel's ghost (novice MiBe)
  9705 | D:10     | Found a radiant altar of Vehumet.
  9707 | D:10     | Found a shimmering blue altar of Sif Muna.
  9860 | D:10     | Noticed Grum
  9896 | D:10     | Killed Grum
 10105 | D:10     | Reached XP level 11. HP: 97/109 MP: 10/10
 10358 | D:10     | Reached **** piety under Makhleb
 10673 | D:10     | Found a snail-covered altar of Cheibriados.
 10969 | D:10     | Killed camel's ghost
 10970 | D:10     | Reached skill level 1 in Slings
 11032 | D:11     | Noticed a two-headed ogre
 11042 | D:11     | Killed a two-headed ogre
 11130 | D:11     | Reached skill level 12 in Maces & Flails
 11163 | D:11     | Found a staircase to the Lair.
 11434 | D:11     | Identified the +8 spear of Dissent {freeze, rElec Dex+3}
 11435 | D:11     | Found a runed translucent door.
 11435 | D:11     | Noticed murtidash's ghost (journeyman FoAK)
 12445 | Lair:1   | Entered Level 1 of the Lair of Beasts
 12685 | Lair:1   | Found a runed translucent gate.
 12686 | Lair:1   | Found a runed translucent gate.
 12687 | Lair:1   | Found a runed translucent gate.
 12689 | Lair:1   | Noticed Bunwiu's ghost (journeyman KoBe)
 13812 | Lair:2   | Reached skill level 13 in Maces & Flails
 13838 | Lair:2   | Noticed a seven-headed hydra
 14201 | Lair:1   | Slain by an eight-headed hydra simulacrum

Illustrated notes

Levels and vault maps discovered:
D:1:      lemuel_arrival_muddy, layout_basic, chequers_serial_rivers_large_b
D:2:      layout_rooms, chequers_ecumenical_altar_simple, basic_altar
D:3:      layout_basic, lemuel_tele_altar, serial_co_window_serial,
          co_window_cross_1, co_window_paths_b, co_window_paths_a,
          co_window_corner_a, co_window_paths_b, co_window_of_opportunity_b,
          co_window_unsneaky_path_e, co_window_broadway_b,
          co_window_unsneaky_path_a, co_window_2corner, co_window_4corner_a,
          glass_columns_c, glass_columns_a, item_on_display_a
D:4:      layout_cave_pools, overflow_temple_1_default,
          gammafunk_ghost_abyssal_escape
D:5:      layout_loops_corners
D:6:      layout_gridville, kennysheep_another_room, guppyfry_shop_venom,
          uniq_eustachio, uniq_edmund
D:7:      layout_rooms, temple_statues, nrook_mini_backslash,
          nicolae_shop_fire_sale [nicolae_sub_dead_trees], lemuel_flamethrower_2
D:8:      layout_loops_ring, mainiacjoe_overflow_alcove_3, dk_noncrumbling_3,
          kennysheep_cross_bottleneck
D:9:      layout_basic, kennysheep_mini
D:10:     cheibrodos_helix_gallery, layout_basic,
          nicolae_overflow_hidden_temple, mainiacjoe_overflow_paths,
          ebering_ghost_reflecting_pool, grunt_decor_junction, uniq_grum
D:11:     layout_roguey, erik_lair_orcish_takeover, ebering_ghost_funeral_grove
Temple:   minmay_temple_forest_path
Lair:1:   layout_roguey, gammafunk_ghost_necromancy, lemuel_fruit_tree
Lair:2:   layout_gridlike

Skill      XL: |  1  2  3  4  5  6  7  8  9 10 11 |
---------------+----------------------------------+-----
Maces & Flails | 3 4 5 6 7 9 11 13 | 13.0
Dodging        | 3 4 5 6 7 |  7.6
Fighting       | 3 4 5 7 8 |  8.2
Stealth        | 2 3 |  3.1
Bows           | 1 |  1.4
Slings         | 1 |  1.0
Throwing       | |  0.5
Unarmed Combat | |  0.5

Action                   |  1- 3 |  4- 6 |  7- 9 | 10-12 || total
-------------------------+-------+-------+-------+-------++-------
Melee: Mace              |   126 |   229 |   129 |       ||   484
       Punch             |     1 |     2 |     5 |    16 ||    24
       Dire flail        |       |       |    75 |       ||    75
       Unarmed           |       |       |    11 |       ||    11
       Flail             |       |       |   109 |   557 ||   666
 Fire: Longbow           |       |       |    13 |       ||    13
       Hunting sling     |       |       |       |    21 ||    21
Throw: Stone             |     3 |       |       |       ||     3
  Use: Scroll            |       |     6 |     6 |     6 ||    18
       Potion            |       |       |     1 |       ||     1
 Stab: Sleeping          |     1 |     2 |     2 |     1 ||     6
       Distracted        |       |       |       |     2 ||     2
Armor: Robe              |    49 |   113 |   105 |   164 ||   431
Dodge: Dodged            |    72 |   167 |   270 |   299 ||   808

Table legend: (Time is in decaauts)
 A = Elapsed time spent in this place.
 B = Non-inter-level travel time spent in this place.
 C = Inter-level travel time spent in this place.
 D = Time resting spent in this place.
 E = Time spent auto-exploring this place.
 F = Levels seen in this place.
 G = Mean time per level.
                   A        B        C        D        E       F      G
               +--------+--------+--------+--------+--------+-----+--------+
         Total |  14252 |  13749 |    503 |    561 |   5344 |  14 | 1018.0 |
       Dungeon |  11926 |  11628 |    298 |    453 |   4462 |  11 | 1084.2 |
        Temple |    608 |    403 |    205 |      0 |    341 |   1 |  608.0 |
          Lair |   1718 |   1718 |      0 |    108 |    541 |   2 |  859.0 |
               +--------+--------+--------+--------+--------+-----+--------+

Top non-repeatable levels by time:
    D:10: 1468 daAuts
     D:5: 1424 daAuts
    D:11: 1259 daAuts
     D:1: 1228 daAuts
     D:6: 1213 daAuts
  Lair:1: 1204 daAuts
     D:3: 1081 daAuts
     D:4: 1060 daAuts
     D:8: 996 daAuts
     D:9: 958 daAuts
     D:7: 627 daAuts
  Temple: 608 daAuts
     D:2: 607 daAuts
  Lair:2: 514 daAuts
